| TOP OF THE 1ST |
|
Houston Astros batting - Pitching for San Francisco Giants : LHP Floyd Bannister
|
|
Pitching: LHP Floyd Bannister
|
|
|
Batting: SHB Bill D Doran
|
0-0: Called Strike 0-1: Ball 1-1: Called Strike 1-2: Ball 2-2: Ground out U3 (Groundball, 34, EV 87.5 MPH)
|
|
Batting: RHB John Castino
|
0-0: Called Strike 0-1: Called Strike 0-2: Foul Ball, location: 2F 0-2: Ground out 3-1 (Groundball, 34S, EV 88.8 MPH)
|
|
Batting: RHB Zail Smith
|
0-0: Called Strike 0-1: Reached on error, E8 (Flyball, 78D, EV 88.1 MPH)
|
|
Batting: RHB Mickey Hatcher
|
0-0: Foul Ball, location: 2F 0-1: Foul Ball, location: 2F 0-2: Foul Ball, location: 2F 0-2: Strikes out swinging
|
| Top of the 1st over - 0 runs, 0 hits, 1 error, 1 left on base; Houston 0 - San Francisco 0 |
| BOTTOM OF THE 1ST |
|
San Francisco Giants batting - Pitching for Houston Astros : RHP Victor Sanchez
|
|
Pitching: RHP Victor Sanchez
|
|
|
Batting: SHB Kevin Bass
|
0-0: Ball 1-0: Foul Ball, location: 2F 1-1: Foul Ball, location: 2F 1-2: SINGLE (Groundball, 3S, EV 63.1 MPH) (infield hit)
|
|
Batting: RHB Kevin Howard
|
0-0: Called Strike 0-1: Ball 1-1: Ball 2-1: Ball 3-1: DOUBLE (Line Drive, 5D, EV 107.5 MPH) Kevin Bass to third Runner from 3rd tries for Home, SAFE, throw by LF to home
|
|
Batting: LHB Keith Hernandez
|
0-0: Ball 1-0: Foul Ball, location: 2F 1-1: Foul Ball, location: 2F 1-2: DOUBLE (Line Drive, 7LM, EV 102.5 MPH) Kevin Howard scores
|
|
Batting: RHB Phil Bailey
|
0-0: Ball 1-0: Ball 2-0: Ball 3-0: Base on Balls
|
|
Batting: RHB Don Slaught
|
0-0: Called Strike 0-1: Ball 1-1: Swinging Strike 1-2: 3-RUN HOME RUN (Flyball, 9LD, EV 97.5 MPH), Distance : 369 ft
|
|
Batting: SHB Tyler O'Dell
|
0-0: Called Strike 0-1: Swinging Strike 0-2: Ball 1-2: Strikes out looking
|
|
Batting: RHB Dickie Thon
|
0-0: Swinging Strike 0-1: Called Strike 0-2: Strikes out swinging
|
|
Batting: LHB Doug Frobel
|
0-0: Swinging Strike 0-1: Fly out, F8 (Line Drive, 8RM, EV 101.9 MPH)
|
| Bottom of the 1st over - 5 runs, 4 hits, 0 errors, 0 left on base; Houston 0 - San Francisco 5 |
| TOP OF THE 2ND |
|
Houston Astros batting - Pitching for San Francisco Giants : LHP Floyd Bannister
|
|
Batting: LHB Jose Cruz
|
0-0: Foul Ball, location: 2F 0-1: Fly out, F8 (Line Drive, 8LD, EV 86.3 MPH)
|
|
Batting: SHB Christopher Clark
|
0-0: Ground out 5-3 (Groundball, 56, EV 89.4 MPH)
|
|
Batting: LHB Jerry Narron
|
0-0: Called Strike 0-1: Ball 1-1: Ball 2-1: Foul Ball, location: 2F 2-2: Foul Ball, location: 2F 2-2: Fly out, F9 (Line Drive, 9, EV 99.4 MPH)
|
| Top of the 2nd over - 0 runs, 0 hits, 0 errors, 0 left on base; Houston 0 - San Francisco 5 |
| BOTTOM OF THE 2ND |
|
San Francisco Giants batting - Pitching for Houston Astros : RHP Victor Sanchez
|
|
Batting: LHB Floyd Bannister
|
0-0: Called Strike 0-1: Ball 1-1: Ball 2-1: Ball 3-1: Called Strike 3-2: Strikes out swinging
|
|
Batting: SHB Kevin Bass
|
0-0: Ball 1-0: Ball 2-0: Swinging Strike 2-1: Ball 3-1: Base on Balls
|
|
Batting: RHB Kevin Howard
|
0-0: Ball 1-0: Fly out, F4 (Popup, 3D, EV 53.8 MPH)
|
|
Batting: LHB Keith Hernandez
|
0-0: Ball 1-0: Ball 2-0: Swinging Strike 2-1: Ball Kevin Bass steals 2nd base (no throw) 3-1: Base on Balls
|
|
Batting: RHB Phil Bailey
|
0-0: Called Strike 0-1: Ball 1-1: Called Strike 1-2: Ball 2-2: Foul Ball, location: 2F 2-2: Ball 3-2: Base on Balls Kevin Bass to third Keith Hernandez to second
|
|
Batting: RHB Don Slaught
|
0-0: Called Strike 0-1: Ball 1-1: Foul Ball, location: 2F 1-2: SINGLE (Groundball, 6MD, EV 110.0 MPH) (infield hit) Kevin Bass scores Keith Hernandez to third Phil Bailey to second
|
|
Pitching: LHP Richard Thompson
|
|
|
Batting: SHB Tyler O'Dell
|
0-0: Fly out, F9 (Flyball, 89D, EV 79.4 MPH)
|
| Bottom of the 2nd over - 1 run, 1 hit, 0 errors, 3 left on base; Houston 0 - San Francisco 6 |
| TOP OF THE 3RD |
|
Houston Astros batting - Pitching for San Francisco Giants : LHP Floyd Bannister
|
|
Batting: RHB Ricky Adams
|
0-0: Ball 1-0: Fly out, F9 (Flyball, 9S, EV 92.5 MPH)
|
|
Batting: SHB Richard Thompson
|
0-0: Ball 1-0: Fly out, F7 (Line Drive, 7, EV 108.1 MPH)
|
|
Batting: SHB Bill D Doran
|
0-0: Ball 1-0: Ball 2-0: Called Strike 2-1: Ball 3-1: Swinging Strike 3-2: SINGLE (Groundball, 6MD, EV 100.6 MPH)
|
|
Batting: RHB John Castino
|
0-0: Ball 1-0: Fly out, F6 (Line Drive, 6, EV 71.9 MPH)
|
| Top of the 3rd over - 0 runs, 1 hit, 0 errors, 1 left on base; Houston 0 - San Francisco 6 |
| BOTTOM OF THE 3RD |
|
San Francisco Giants batting - Pitching for Houston Astros : LHP Richard Thompson
|
|
Batting: RHB Dickie Thon
|
0-0: Called Strike 0-1: Ball 1-1: SOLO HOME RUN (Flyball, 7LD, EV 92.5 MPH), Distance : 356 ft
|
|
Batting: LHB Doug Frobel
|
0-0: Called Strike 0-1: Fly out, F9 (Flyball, 9LS, EV 86.3 MPH)
|
|
Batting: LHB Floyd Bannister
|
0-0: Swinging Strike 0-1: Ball 1-1: Ball 2-1: Foul Ball, location: 2F 2-2: Fly out, F9 (Flyball, 9S, EV 86.3 MPH)
|
|
Batting: SHB Kevin Bass
|
0-0: Ball 1-0: Foul Ball, location: 2F 1-1: Foul Ball, location: 2F 1-2: Strikes out swinging
|
| Bottom of the 3rd over - 1 run, 1 hit, 0 errors, 0 left on base; Houston 0 - San Francisco 7 |
| TOP OF THE 4TH |
|
Houston Astros batting - Pitching for San Francisco Giants : LHP Floyd Bannister
|
|
Batting: RHB Zail Smith
|
0-0: Ball 1-0: Ground out 5-3 (Groundball, 56, EV 76.9 MPH)
|
|
Batting: RHB Mickey Hatcher
|
0-0: Called Strike 0-1: Ball 1-1: SINGLE (Groundball, 56, EV 105.0 MPH) (infield hit)
|
|
Batting: LHB Jose Cruz
|
0-0: Fly out, F7 (Flyball, 7LD, EV 100.0 MPH)
|
|
Batting: SHB Christopher Clark
|
0-0: Called Strike 0-1: Ball 1-1: Foul Ball, location: 2F 1-2: Foul Ball, location: 2F 1-2: Fielders Choice at 2nd, 5-4 (Groundball, 56, EV 80.6 MPH)
|
| Top of the 4th over - 0 runs, 1 hit, 0 errors, 1 left on base; Houston 0 - San Francisco 7 |
| BOTTOM OF THE 4TH |
|
San Francisco Giants batting - Pitching for Houston Astros : LHP Richard Thompson
|
|
Batting: RHB Kevin Howard
|
0-0: Foul Ball, location: 2F 0-1: Ball 1-1: Ball 2-1: Ball 3-1: Foul Ball, location: 2F 3-2: Base on Balls
|
|
Batting: LHB Keith Hernandez
|
0-0: Called Strike 0-1: Called Strike 0-2: Ball 1-2: Grounds into double play, 4-6-3 (Groundball, 4, EV 103.8 MPH)
|
|
Batting: RHB Phil Bailey
|
0-0: Ball 1-0: Ball 2-0: Ball 3-0: Base on Balls
|
|
Batting: RHB Don Slaught
|
0-0: Ball 1-0: Ball 2-0: Ball 3-0: Base on Balls Phil Bailey to second
|
|
Batting: SHB Tyler O'Dell
|
0-0: Called Strike 0-1: Ball 1-1: Ball 2-1: Foul Ball, location: 2F 2-2: Ball 3-2: Base on Balls Phil Bailey to third Don Slaught to second
|
|
Batting: RHB Dickie Thon
|
0-0: Foul Ball, location: 2F 0-1: Fly out, F4 (Line Drive, 4, EV 71.9 MPH)
|
| Bottom of the 4th over - 0 runs, 0 hits, 0 errors, 3 left on base; Houston 0 - San Francisco 7 |
| TOP OF THE 5TH |
|
Houston Astros batting - Pitching for San Francisco Giants : LHP Floyd Bannister
|
|
Batting: LHB Jerry Narron
|
0-0: Ball 1-0: Ball 2-0: SINGLE (Groundball, 56D, EV 97.5 MPH)
|
|
Batting: RHB Ricky Adams
|
0-0: Fly out, F8 (Flyball, 78D, EV 105.6 MPH)
|
|
Batting: SHB Richard Thompson
|
0-0: Bunted foul 0-1: Ball 1-1: Sac Bunt to 13S - play at first, batter OUT! 1-4 Jerry Narron to second
|
|
Batting: SHB Bill D Doran
|
0-0: Ball 1-0: Ball 2-0: Called Strike 2-1: Foul Ball, location: 2F 2-2: Fly out, F9 (Flyball, 9, EV 94.4 MPH)
|
| Top of the 5th over - 0 runs, 1 hit, 0 errors, 1 left on base; Houston 0 - San Francisco 7 |
| BOTTOM OF THE 5TH |
|
San Francisco Giants batting - Pitching for Houston Astros : LHP Richard Thompson
|
|
Batting: LHB Doug Frobel
|
0-0: Called Strike 0-1: Swinging Strike 0-2: Ground out 4-3 (Groundball, 4, EV 83.8 MPH)
|
|
Batting: LHB Floyd Bannister
|
0-0: Called Strike 0-1: Ball 1-1: Called Strike 1-2: Strikes out looking
|
|
Batting: SHB Kevin Bass
|
0-0: Foul Ball, location: 2F 0-1: Fly out, F7 (Flyball, 7, EV 98.8 MPH)
|
| Bottom of the 5th over - 0 runs, 0 hits, 0 errors, 0 left on base; Houston 0 - San Francisco 7 |
| TOP OF THE 6TH |
|
Houston Astros batting - Pitching for San Francisco Giants : LHP Floyd Bannister
|
|
Batting: RHB John Castino
|
0-0: Ball 1-0: Fly out, F7 (Flyball, 7S, EV 85.6 MPH)
|
|
Batting: RHB Zail Smith
|
0-0: Ball 1-0: Ground out 5-3 (Groundball, 56, EV 98.1 MPH)
|
|
Batting: RHB Mickey Hatcher
|
0-0: Foul Ball, location: 2F 0-1: Called Strike 0-2: Ball 1-2: Ball 2-2: Ball 3-2: SOLO HOME RUN (Flyball, 78XD, EV 108.1 MPH), Distance : 408 ft
|
|
Batting: LHB Jose Cruz
|
0-0: Ball 1-0: Ball 2-0: Foul Ball, location: 2F 2-1: Ball 3-1: Foul Ball, location: 2F 3-2: Strikes out swinging
|
| Top of the 6th over - 1 run, 1 hit, 0 errors, 0 left on base; Houston 1 - San Francisco 7 |
| BOTTOM OF THE 6TH |
|
San Francisco Giants batting - Pitching for Houston Astros : LHP Richard Thompson
|
|
Batting: RHB Kevin Howard
|
0-0: Called Strike 0-1: Swinging Strike 0-2: Ball 1-2: Ground out 6-3 (Groundball, 6, EV 76.3 MPH)
|
|
Pitching: RHP Ramon Molina
|
|
|
Batting: LHB Keith Hernandez
|
0-0: Fly out, F8 (Line Drive, 8LD, EV 91.3 MPH)
|
|
Batting: RHB Phil Bailey
|
0-0: DOUBLE (Line Drive, 78D, EV 110.0 MPH)
|
|
Batting: RHB Don Slaught
|
0-0: Called Strike 0-1: Foul Ball, location: 2F 0-2: Ball 1-2: Ball 2-2: Strikes out looking
|
| Bottom of the 6th over - 0 runs, 1 hit, 0 errors, 1 left on base; Houston 1 - San Francisco 7 |
| TOP OF THE 7TH |
|
Houston Astros batting - Pitching for San Francisco Giants : LHP Floyd Bannister
|
|
Batting: SHB Christopher Clark
|
0-0: Foul Ball, location: 2F 0-1: Swinging Strike 0-2: Ball 1-2: Ball 2-2: Ball 3-2: Foul Ball, location: 2F 3-2: Foul Ball, location: 2F 3-2: Ground out 4-3 (Groundball, 4MS, EV 89.4 MPH)
|
|
Batting: LHB Jerry Narron
|
0-0: Ball 1-0: Ground out 6-3 (Groundball, 6, EV 93.1 MPH)
|
|
Batting: RHB Ricky Adams
|
0-0: Ball 1-0: Foul Ball, location: 2F 1-1: Called Strike 1-2: Foul Ball, location: 2F 1-2: Ball 2-2: Ball 3-2: Base on Balls
|
|
Pinch Hitting: LHB George Vukovich
|
0-0: Called Strike 0-1: Called Strike Ricky Adams is caught stealing 2nd base 2-6
|
| Top of the 7th over - 0 runs, 0 hits, 0 errors, 0 left on base; Houston 1 - San Francisco 7 |
| BOTTOM OF THE 7TH |
|
San Francisco Giants batting - Pitching for Houston Astros : RHP Ramon Molina
|
|
Pitching: RHP Joe McIntosh
|
|
|
Batting: SHB Tyler O'Dell
|
0-0: Called Strike 0-1: Ball 1-1: Swinging Strike 1-2: Fly out, F8 (Flyball, 8LM, EV 84.4 MPH)
|
|
Batting: RHB Dickie Thon
|
0-0: Ball 1-0: Called Strike 1-1: Ball 2-1: Foul Ball, location: 2F 2-2: Fly out, F7 (Flyball, 78M, EV 73.1 MPH)
|
|
Batting: LHB Doug Frobel
|
0-0: Ball 1-0: SINGLE (Line Drive, 56D, EV 95.6 MPH)
|
|
Batting: LHB Floyd Bannister
|
0-0: Ball 1-0: Called Strike 1-1: Ball 2-1: Called Strike 2-2: Foul Ball, location: 2F 2-2: Ground out 4-3 (Groundball, 34, EV 100.0 MPH)
|
| Bottom of the 7th over - 0 runs, 1 hit, 0 errors, 1 left on base; Houston 1 - San Francisco 7 |
| TOP OF THE 8TH |
|
Houston Astros batting - Pitching for San Francisco Giants : LHP Floyd Bannister
|
|
Pinch Hitting: LHB Steve Kemp
|
0-0: Ball 1-0: Swinging Strike 1-1: Ball 2-1: Foul Ball, location: 2F 2-2: Ball 3-2: Base on Balls
|
|
Batting: SHB Bill D Doran
|
0-0: Swinging Strike 0-1: Ball 1-1: Ball 2-1: Called Strike 2-2: Fielders Choice at 2nd, 1-6 (Groundball, 34S, EV 76.9 MPH)
|
|
Batting: RHB John Castino
|
0-0: Ball 1-0: Ball 2-0: Fly out, F8 (Flyball, 89XD, EV 95.0 MPH) Runner from 1st tags up, SAFE at 2nd
|
|
Batting: RHB Zail Smith
|
0-0: Called Strike 0-1: Foul Ball, location: 2F 0-2: Fly out, F7 (Flyball, 7S, EV 90.0 MPH)
|
| Top of the 8th over - 0 runs, 0 hits, 0 errors, 1 left on base; Houston 1 - San Francisco 7 |
| BOTTOM OF THE 8TH |
|
San Francisco Giants batting - Pitching for Houston Astros : RHP Joe McIntosh
|
|
Pitching: LHP Terry Forster
|
|
|
Batting: SHB Kevin Bass
|
0-0: Ball 1-0: Ball 2-0: Fly out, F6 (Popup, 4M, EV 70.6 MPH)
|
|
Batting: RHB Kevin Howard
|
0-0: Fly out, F4 (Popup, 34, EV 77.5 MPH)
|
|
Batting: LHB Keith Hernandez
|
0-0: Ball 1-0: Foul Ball, location: 2F 1-1: Foul Ball, location: 2F 1-2: Ball 2-2: Fly out, F8 (Line Drive, 8LM, EV 105.0 MPH)
|
| Bottom of the 8th over - 0 runs, 0 hits, 0 errors, 0 left on base; Houston 1 - San Francisco 7 |
| TOP OF THE 9TH |
|
Houston Astros batting - Pitching for San Francisco Giants : LHP Floyd Bannister
|
|
Batting: RHB Mickey Hatcher
|
0-0: Swinging Strike 0-1: Foul Ball, location: 2F 0-2: Strikes out swinging
|
|
Batting: LHB Jose Cruz
|
0-0: TRIPLE (Line Drive, 89XD, EV 107.5 MPH)
|
|
Batting: SHB Christopher Clark
|
0-0: Swinging Strike 0-1: Ball 1-1: Ball 2-1: Swinging Strike 2-2: Strikes out swinging
|
|
Pitching: RHP Tom Owens
|
|
|
Batting: LHB Jerry Narron
|
0-0: Ball 1-0: Swinging Strike 1-1: Foul Ball, location: 2F 1-2: Ball 2-2: Foul Ball, location: 2F 2-2: SINGLE (Line Drive, 7S, EV 87.5 MPH) Jose Cruz scores
|
|
Batting: RHB Ricky Adams
|
0-0: Ball 1-0: Called Strike 1-1: Ball 2-1: Foul Ball, location: 2F 2-2: Fly out, F8 (Flyball, 8LD, EV 89.4 MPH)
|
| Top of the 9th over - 1 run, 2 hits, 0 errors, 1 left on base; Houston 2 - San Francisco 7 |
|